 Dungeon Crawl Stone Soup version 0.25-a0-353-ged6d54792d (webtiles) character file.

Game seed: 60150122420858259, levelgen mode: deterministic

452 sankara the Grave Robber (level 7, -9/50 HPs)
             Began as a Hill Orc Necromancer on Dec 31, 2019.
             Mangled by an ice beast (11 damage)
             ... on level 5 of the Dungeon on Jan 1, 2020.
             The game lasted 00:24:00 (6436 turns).

sankara the Grave Robber (Hill Orc Necromancer)     Turns: 6436, Time: 00:24:01

Health: -9/50      AC:  3    Str: 11    XL:     7   Next: 4%
Magic:  0/9        EV: 13    Int: 17    God:
Gold:   130        SH:  7    Dex: 11    Spells: 1/9 levels left

rFire    . . .     SeeInvis .   a - +0 spear
rCold    . . .     Gourm    .   t - +0 buckler
rNeg     . . .     Faith    .   k - +0 robe
rPois    .         Spirit   .   i - +0 helmet
rElec    .         Reflect  +   (no cloak)
rCorr    .         Harm     .   (no gloves)
MR       .....                  (no boots)
Stlth    +++.......             r - +3 amulet of reflection
HPRegen  0.16/turn              s - ring of stealth {Stlth+}
MPRegen  0.11/turn              (no ring)

@: no status effects
A: no striking features
a: no special abilities


You were on level 5 of the Dungeon.
You were near starving.

You visited 1 branch of the dungeon, and saw 5 of its levels.

You collected 130 gold pieces.

Inventory:

Hand Weapons
 a - a +0 spear (weapon)
   (You found it on level 1 of the Dungeon)
 d - a +0 mace
   (You found it on level 1 of the Dungeon)
 m - a +0 whip
   (You took it off a kobold on level 2 of the Dungeon)
 q - a +2 dagger of venom
   (You took it off an orc on level 4 of the Dungeon)
 x - a +0 dagger of holy wrath
   (You took it off an orc wizard on level 4 of the Dungeon)
Missiles
 h - 95 stones (quivered)
 z - 8 javelins
Armour
 i - a +0 helmet (worn)
   (You found it on level 1 of the Dungeon)
 k - a +0 robe (worn)
 t - a +0 buckler (worn)
   (You found it on level 3 of the Dungeon)
 y - a +0 ring mail of cold resistance
   (You took it off an orc on level 4 of the Dungeon)
Jewellery
 r - a +3 amulet of reflection (around neck)
   (You found it on level 3 of the Dungeon)
 s - a ring of stealth (left hand) {Stlth+}
   (You found it on level 3 of the Dungeon)
Scrolls
 b - 4 scrolls of remove curse {unknown}
 e - 2 scrolls of teleportation {unknown}
 g - a scroll of immolation {unknown}
 j - 6 scrolls of identify {unknown}
 l - a scroll of enchant weapon {unknown}
 u - a scroll of blinking {unknown}
 w - a scroll of amnesia {unknown}
Potions
 f - 2 potions of curing
 n - a potion of lignification {unknown}
 o - a potion of berserk rage {unknown}
 v - a potion of flight {unknown}
Comestibles
 c - 8 rations


   Skills:
 * Level 3.1 Polearms
 - Level 3.1 Dodging
 - Level 1.5 Stealth
 + Level 3.0 Shields
 - Level 1.5 Spellcasting
 + Level 5.9 Necromancy


You had one spell level left.
You knew the following spells:

 Your Spells              Type           Power        Failure   Level  Hunger
a - Pain                  Necr           ###.         1%          1    ##.....
b - Animate Skeleton      Necr           N/A          1%          1    ##.....
c - Vampiric Draining     Necr           ###.......   6%          3    ####...
e - Regeneration          Chrm/Necr      ##........   21%         3    ####...

Your spell library contained the following spells:

 Spells                   Type           Power        Failure   Level  Hunger
 Animate Dead             Necr           N/A          19%         4    #####..


Dungeon Overview and Level Annotations

Branches:
Dungeon (5/15)
 Temple: D:4-7

Altars:
Elyvilon
Zin


Message History

You climb downwards.
The worker ant zombie closely misses you.
There is a stone staircase leading up here.
You hit the worker ant zombie.
The worker ant zombie is severely damaged.
The worker ant zombie bites you.
You hit the worker ant zombie.
The worker ant zombie is almost destroyed.
The worker ant zombie bites you.
You hit the worker ant zombie.
You destroy the worker ant zombie!
No target in view!
No target in view!
You start resting.
You are feeling very hungry.
Casting: Regeneration (safe; 21% risk of failure)
Confirm with . or Enter, or press ? or * to list all spells.
Your skin crawls.
HP restored.
Your skin is crawling a little less now.
A ball python comes into view.
You barely miss the ice beast. You block the ice beast's attack.
You hit the ice beast but do no damage.
Your skin stops crawling.
The ice beast hits you. The ice beast freezes you!
You are too injured to fight recklessly!
You are too injured to fight recklessly!
You are too injured to fight recklessly!
You are too injured to fight recklessly!
You barely miss the ice beast. The ice beast hits you.
The ice beast freezes you.
Casting: Regeneration (safe; 21% risk of failure)
Confirm with . or Enter, or press ? or * to list all spells.
Your skin crawls.
The ice beast misses you.
You hit the ice beast.
The ice beast is lightly wounded.
Your skin is crawling a little less now.
The ice beast misses you.
Casting: Regeneration (safe; 21% risk of failure)
Confirm with . or Enter, or press ? or * to list all spells.
Aiming: Vampiric Draining (safe; 6% risk of failure)
Press: ? - help, Shift-Dir - straight line, f - ice beast
Aim: an ice beast (lightly wounded)
The ice beast is moderately wounded.
You feel life coursing into your body. The ice beast closely misses you.
Casting: Vampiric Draining (safe; 6% risk of failure)
Confirm with . or Enter, or press ? or * to list all spells.
You don't have enough magic to cast that spell.
Unknown command.
You closely miss the ice beast.
The ice beast is moderately wounded.
The ice beast hits you. The ice beast freezes you!
You hit the ice beast.
The ice beast is heavily wounded.
The ice beast barely misses you.
Your skin stops crawling.
The ice beast misses you. You block the ice beast's attack.
You hit the ice beast.
The ice beast is heavily wounded.
You hit the ice beast.
The ice beast is heavily wounded.
The ice beast hits you. The ice beast freezes you.
You hit the ice beast.
The ice beast is heavily wounded.
You block the ice beast's attack.
You barely miss the ice beast.
The ice beast is heavily wounded.
The ice beast hits you but does no damage.
You hit the ice beast but do no damage.
The ice beast is heavily wounded.
The ice beast hits you.
* * * LOW HITPOINT WARNING * * *
The ice beast freezes you!
* * * LOW HITPOINT WARNING * * *
Casting: Vampiric Draining (safe; 6% risk of failure)
Confirm with . or Enter, or press ? or * to list all spells.
Aiming: Vampiric Draining (safe; 6% risk of failure)
Press: ? - help, Shift-Dir - straight line, f/p - ice beast
Aim: an ice beast (heavily wounded)
The ice beast is severely wounded.
You feel life coursing into your body.
You are near starving!
The ice beast barely misses you.
You hit the ice beast.
The ice beast is severely wounded.
The ice beast closely misses you.
You hit the ice beast but do no damage.
The ice beast is severely wounded.
The ice beast misses you.
You barely miss the ice beast.
The ice beast is severely wounded.
You block the ice beast's attack.
Unknown command.
You hit the ice beast but do no damage.
The ice beast is severely wounded.
The ice beast hits you.
* * * LOW HITPOINT WARNING * * *
The ice beast freezes you!
You die...

#(# .. #.# #.#.
#.# ... #.# ###.#
###.###...# ##..
##...##...##....#
##............#
#...........?###
#..<@Y...........
#...........$###.#
##..........##
##....#...##
##..###### #..#
#... #..## #.##


You could see an ice beast.

Vanquished Creatures
  A scorpion (D:4)
  A crimson imp (D:4)
  A bullfrog skeleton (D:4)
  2 orc wizards (D:4)
  4 worker ants
  A worker ant zombie (D:5)
  8 adders
  2 oozes
  An adder zombie (D:4)
  An adder skeleton (D:4)
  2 dart slugs (D:1)
  2 leopard geckos
  9 orcs
  4 giant cockroaches
  9 goblins
  9 hobgoblins
  4 jackals (D:2)
  10 kobolds
  2 quokkas (D:4)
  4 bats
  5 frilled lizards
  7 rats
89 creatures vanquished.

Vanquished Creatures (collateral kills)
  A leopard gecko (D:2)
  A goblin (D:1)
  2 hobgoblins
  A kobold (D:1)
5 creatures vanquished.

Grand Total: 94 creatures vanquished

Notes
Turn   | Place    | Note
-------+----------+-------------------------------------------
     0 | D:1      | sankara the Hill Orc Necromancer began the quest for the
                  | Orb.
     0 | D:1      | Reached XP level 1. HP: 14/14 MP: 3/3
   442 | D:1      | Learned a level 1 spell: Animate Skeleton
   461 | D:1      | Reached XP level 2. HP: 6/20 MP: 0/4
   464 | D:1      | HP: 5/20 [bat (1)]
   720 | D:1      | Reached skill level 2 in Dodging
  1230 | D:1      | Reached XP level 3. HP: 26/26 MP: 5/5
  1334 | D:2      | Learned a level 3 spell: Vampiric Draining
  1497 | D:2      | HP: 6/26 [adder (3)]
  1498 | D:2      | Reached XP level 4. HP: 8/33 MP: 2/6
  1503 | D:2      | HP: 5/33 [poisoned by an adder]
  1511 | D:2      | HP: 4/33 [poisoned by an adder]
  1915 | D:2      | HP: 8/33 [poisoned by an adder]
  1920 | D:2      | HP: 7/33 [poisoned by an adder]
  1927 | D:2      | HP: 5/33 [poisoned by an adder]
  1935 | D:2      | HP: 4/33 [poisoned by an adder]
  2211 | D:2      | Reached skill level 5 in Necromancy
  2359 | D:2      | Found a glowing silver altar of Zin.
  2476 | D:2      | Reached skill level 3 in Dodging
  3388 | D:3      | Reached XP level 5. HP: 38/38 MP: 7/7
  3410 | D:3      | Found a faded altar of an unknown god.
  3825 | D:3      | Reached skill level 1 in Polearms
  3827 | D:3      | Found a white marble altar of Elyvilon.
  4006 | D:4      | Reached skill level 1 in Shields
  4246 | D:4      | Reached skill level 2 in Polearms
  4246 | D:4      | Reached XP level 6. HP: 45/45 MP: 8/8
  4251 | D:4      | Learned a level 3 spell: Regeneration
  4295 | D:4      | Reached skill level 2 in Shields
  4330 | D:4      | Noticed a phantom
  4375 | D:4      | HP: 11/45 [orc/+0 club (1)]
  4836 | D:4      | HP: 6/45 [worker ant (6)]
  5090 | D:4      | HP: 11/45 [poisoned by a worker ant]
  5095 | D:4      | HP: 10/45 [poisoned by a worker ant]
  5102 | D:4      | HP: 9/45 [poisoned by a worker ant]
  5110 | D:4      | HP: 8/45 [poisoned by a worker ant]
  5467 | D:4      | HP: 11/45 [phantom (8)]
  5912 | D:4      | Upgraded the game from 0.25-a0-346-g140ab784a8 to
                  | 0.25-a0-353-ged6d54792d
  6219 | D:5      | Entered Level 5 of the Dungeon
  6273 | D:5      | Noticed an ice beast
  6310 | D:4      | Reached skill level 3 in Polearms
  6310 | D:4      | Reached skill level 3 in Shields
  6310 | D:4      | Reached XP level 7. HP: 46/50 MP: 1/9
  6431 | D:5      | HP: 2/50 [ice beast (13)]
  6436 | D:5      | HP: 2/50 [ice beast (3)]
  6436 | D:5      | Mangled by an ice beast

Levels and vault maps discovered:
D:1:      ebering_trefoil_twist, layout_basic, grunt_decor_cap
D:2:      layout_basic, zin_treasury
D:3:      layout_loops_ring, lemuel_coloured_pillars_altar,
          chequers_ecumenical_altar_simple_redux, minmay_hedge_maze,
          kennysheep_generic_room_11
D:4:      layout_basic, first_ration
D:5:      layout_rooms, hangedman_decor_diamond_cutter, uniq_menkaure

Skill      XL: |  1  2  3  4  5  6 |
---------------+-------------------+-----
Dodging        | 2 3 |  3.1
Necromancy     | 5 |  5.9
Polearms       | 2 3 |  3.1
Shields        | 1 3 |  3.0
Stealth        | |  1.5
Spellcasting   | |  1.5

Action                   |  1- 3 |  4- 6 |  7- 9 || total
-------------------------+-------+-------+-------++-------
Melee: Mace              |    34 |       |       ||    34
       Spear             |    50 |   439 |    18 ||   507
Throw: Stone             |       |     1 |       ||     1
 Cast: Pain              |    12 |     3 |       ||    15
       Animate Skeleton  |    15 |    19 |       ||    34
       Vampiric Draining |     2 |    18 |     2 ||    22
       Regeneration      |       |     9 |     2 ||    11
  Use: Potion            |       |     1 |       ||     1
 Stab: Sleeping          |     1 |     9 |       ||    10
  Eat: Chunk             |     3 |    17 |       ||    20
       Ration            |       |     1 |       ||     1
Armor: Robe              |    20 |    52 |     1 ||    73
Dodge: Dodged            |    69 |   180 |     9 ||   258
Block: Buckler           |       |    81 |     4 ||    85
       Reflection        |       |     4 |       ||     4

Table legend:
 A = Non-vault XP
 B = Vault XP
 C = Vault XP percentage of total XP
 D = Non-vault monster count
 E = Vault monster count
 F = Vault count percentage of total count
                 A         B        C        D         E       F
            +---------+---------+-------+---------+---------+-------
      Total |     646 |       0 |   0.0 |      94 |       0 |   0.0
            +---------+---------+-------+---------+---------+-------
        D:1 |      36 |       0 |   0.0 |      22 |       0 |   0.0
        D:2 |     101 |       0 |   0.0 |      28 |       0 |   0.0
        D:3 |      66 |       0 |   0.0 |      20 |       0 |   0.0
        D:4 |     393 |       0 |   0.0 |      22 |       0 |   0.0
        D:5 |      50 |       0 |   0.0 |       2 |       0 |   0.0
            +---------+---------+-------+---------+---------+-------

Levels and vault maps discovered:
D:1:      ebering_trefoil_twist, layout_basic, grunt_decor_cap
D:2:      layout_basic, zin_treasury
D:3:      layout_loops_ring, lemuel_coloured_pillars_altar,
          chequers_ecumenical_altar_simple_redux, minmay_hedge_maze,
          kennysheep_generic_room_11
D:4:      layout_basic, first_ration
D:5:      layout_rooms, hangedman_decor_diamond_cutter, uniq_menkaure

Table legend:
 A = Turns spent in this place as a percentage of turns spent in the entire game.
 B = Non-inter-level travel turns spent in this place as a percentage of non-inter-level travel turns spent in the entire game.
 C = Inter-level travel turns spent in this place as a percentage of turns spent in this place.
 D = Turns resting spent in this place as a percentage of non-inter-level travel turns spent in this place.
 E = Turns spent auto-exploring this place as a percentage of non-inter-level travel turns spent in this place.
 F = Non-inter-level travel turns spent in this place divided by the number of levels of this place that you've seen.
                   A       B       C       D       E      F
               +-------+-------+-------+-------+-------+----------------------
         Total | 100.0 | 100.0 |   3.3 |  46.9 |  31.5 | 1244.8
       Dungeon | 100.0 | 100.0 |   3.3 |  46.9 |  31.5 | 1244.8
               +-------+-------+-------+-------+-------+----------------------

Table legend:
 A = Kills in this place as a percentage of kills in entire the game.
 B = Kills by you in this place as a percentage of kills by you in the entire game.
 C = Kills by friends in this place as a percentage of kills by friends in the entire game.
 D = Other kills in this place as a percentage of other kills in the entire game.
 E = Experience gained in this place as a percentage of experience gained in the entire game.
 F = Experience gained in this place divided by the number of levels of this place that you have seen.
                   A       B       C       D       E      F
               +-------+-------+-------+-------+-------+----------------------
         Total | 100.0 | 100.0 | 100.0 |   N/A | 100.0 | 129.2
       Dungeon | 100.0 | 100.0 | 100.0 |   N/A | 100.0 | 129.2
               +-------+-------+-------+-------+-------+----------------------
